 Dungeon Crawl Stone Soup version 0.24.0-123-gd5b16e6ec5 (webtiles) character file.

Game seed: 285585200681555976, levelgen mode: deterministic

3437 FishyPogo the Fighter (level 9, -2/123 HPs)
             Began as a Minotaur Gladiator on Jan 16, 2020.
             Was a Priest of Trog.
             Slain by Erolcha
             ... wielding a cursed +0 giant spiked club
              (18 damage)
             ... on level 9 of the Dungeon.
             The game lasted 00:20:14 (7128 turns).

FishyPogo the Fighter (Minotaur Gladiator)          Turns: 7128, Time: 00:20:15

Health: -2/123     AC:  5    Str: 27    XL:     9   Next: 77%
Magic:  11/11      EV: 13    Int:  5    God:    Trog [***...]
Gold:   259        SH:  5    Dex:  9    Spells: 8/8 levels left

rFire    + + .     SeeInvis .   v - +9 war axe "Dailich" {vamp, rF+ rC++ Dex-3}
rCold    + + .     Gourm    .   (no shield)
rNeg     . . .     Faith    .   M - +3 leather armour
rPois    .         Spirit   .   c - +0 hat
rElec    .         Reflect  +   (no cloak)
rCorr    .         Harm     .   o - +0 pair of gloves
MR       ++...                  l - +0 pair of boots
Stlth    ..........             J - +5 amulet of reflection
HPRegen  1.30/turn              (no ring)
MPRegen  0.12/turn              A - ring of protection from fire

@: berserking, corroded, regenerating, very quick
A: retaliatory headbutt, horns 2
a: Berserk, Trog's Hand, Renounce Religion


You were on level 9 of the Dungeon.
You worshipped Trog.
Trog was most pleased with you.
You were very hungry.

You visited 1 branch of the dungeon, and saw 9 of its levels.
You also visited: Sewer.

You collected 454 gold pieces.
You spent 195 gold pieces at shops.

Inventory:

Hand Weapons
 e - a +5 mace
 v - the +9 war axe "Dailich" (weapon) {vamp, rF+ rC++ Dex-3}
   (You bought it in a shop on level 5 of the Dungeon)

   It inflicts no extra harm, but heals its wielder when it wounds a living foe.
   It affects your dexterity (-3).
   It protects you from fire.
   It greatly protects you from cold.
Missiles
 d - 3 throwing nets
 i - 266 stones
 x - 26 poisoned darts
 B - 2 boomerangs (quivered)
Armour
 b - a +0 leather armour
 c - a +0 hat (worn)
 l - a +0 pair of boots (worn)
 o - a +0 pair of gloves (worn)
 L - a +1 robe of resistance
 M - a +3 leather armour (worn)
Jewellery
 A - a ring of protection from fire (right hand)
 J - a +5 amulet of reflection (around neck)
Wands
 j - a wand of flame (14)
 y - a wand of polymorph (10)
 H - a wand of clouds (7)
 I - a wand of iceblast (9)
 K - a wand of enslavement (6)
Scrolls
 g - 3 scrolls of enchant weapon
 k - 5 scrolls of identify
 n - 6 scrolls of remove curse
 p - 5 scrolls of teleportation
 u - 5 scrolls of fear {unknown}
 D - a scroll of noise {unknown}
 G - a scroll of silence {unknown}
Potions
 a - a potion of resistance {unknown}
 h - 3 potions of curing
 m - a potion of cancellation {unknown}
 q - a potion of mutation {unknown}
 s - a potion of berserk rage {unknown}
 t - a potion of heal wounds {unknown}
 w - a potion of magic
 z - a potion of might {unknown}
 C - a potion of agility {unknown}
 E - a potion of flight {unknown}
Comestibles
 f - 22 rations
 r - 5 chunks of flesh


   Skills:
 + Level 8.5 Fighting
   Level 4.4 Long Blades
 * Level 8.2(8.6) Axes
 - Level 4.0(6.6) Maces & Flails
 - Level 2.0 Throwing
 + Level 8.1 Armour
 - Level 4.9 Dodging
 + Level 4.3 Evocations


You had 8 spell levels left.
You didn't know any spells.
Your spell library was empty.

Dungeon Overview and Level Annotations

Branches:
Dungeon (9/15)             Temple (0/1) D:6           Sewer (visited)
   Lair: D:8-11         Orc: D:9-12

Altars:
Gozag
Okawaru
Trog
Vehumet
Xom
Zin

Shops:
D:5 (:=[

Annotations:
D:5 1 runed translucent door, NeAGen181's ghost, novice DDNe
D:9 Erolcha


Innate Abilities, Weirdness & Mutations

You reflexively headbutt those who attack you in melee.
You have a pair of horns on your head.


Message History

The stone arrow hits you!!
* * * LOW HITPOINT WARNING * * *
Erolcha closely misses you.
Unknown command.
Okay, then.
Unknown command.
As you read the scroll labeled ACYLAY VEBBEA, it crumbles to dust.
The scroll dissolves into smoke.
It was a scroll of fog.
Erolcha gestures wildly while chanting.
Erolcha flickers and vanishes!
Deactivating autopickup; reactivate with Ctrl-A.
A red film seems to cover your vision as you go berserk!
You feel yourself moving faster!
You feel mighty!
You are feeling very hungry.
You hear some strange, mumbled words.
A bolt of lightning appears from out of thin air!
The bolt of lightning misses you.
You slash something!
You feel better.
You headbutt something! Something hits you!!
You die...

#### ..# #.#
##§##
#.###§§.######
#..{@§§..((..#
###§#§§.####.#
#§##### #.# #.
#.# #. #.# #.
#.# #.
#######.## #.
#........##
#.######..#


There were no monsters in sight!

Vanquished Creatures
  Pikel (D:8)
  A troll (D:9)
  2 dream sheep (D:9)
  A black bear (D:8)
  An ice beast (D:5)
  4 slaves (D:8)
  3 phantoms
  An ogre (D:6)
  4 centaurs
  2 bullfrogs
  A wyvern zombie (D:8)
  A scorpion (D:4)
  4 crimson imps
  5 jellies
  A centaur zombie (D:7)
  A centaur skeleton (D:8)
  6 hounds
  6 orc priests
  9 orc wizards
  An iguana (D:7)
  7 worker ants
  A hound zombie (D:7)
  3 hound skeletons
  A howler monkey zombie (D:5)
  A worker ant zombie (D:6)
  14 adders
  3 shadow imps
  An adder zombie (D:6)
  3 adder skeletons
  4 worms
  2 dart slugs (D:3)
  3 leopard geckos
  27 orcs
  4 giant cockroaches
  10 hobgoblins
  23 jackals
  4 quokkas
  7 ball pythons
  7 bats
  6 frilled lizards
  4 goblins
  A jackal skeleton (D:5)
  18 kobolds
  A quokka skeleton (D:4)
  6 rats
  3 plants (Sewer)
219 creatures vanquished.

Vanquished Creatures (others)
  3 dream sheep (D:9)
3 creatures vanquished.

Grand Total: 222 creatures vanquished

Notes
Turn   | Place    | Note
-------+----------+-------------------------------------------
     0 | D:1      | FishyPogo the Minotaur Gladiator began the quest for the
                  | Orb.
     0 | D:1      | Reached XP level 1. HP: 18/18 MP: 0/0
    57 | D:1      | Reached skill level 1 in Armour
   153 | D:1      | Reached XP level 2. HP: 22/25 MP: 1/1
   855 | D:2      | Reached XP level 3. HP: 30/31 MP: 2/2
  1552 | D:3      | Reached XP level 4. HP: 28/38 MP: 3/3
  1838 | D:3      | Found a radiant altar of Vehumet.
  1969 | D:3      | Reached XP level 5. HP: 40/46 MP: 4/4
  2171 | D:4      | Found a bloodstained altar of Trog.
  2179 | D:4      | Became a worshipper of Trog the Wrathful
  2204 | D:4      | Found a glowing drain.
  2215 | Sewer    | Entered a sewer
  2362 | Sewer    | Reached skill level 1 in Maces & Flails
  2683 | Sewer    | Reached * piety under Trog
  3130 | D:4      | Reached XP level 6. HP: 48/55 MP: 5/5
  3197 | D:4      | Reached skill level 5 in Fighting
  3311 | D:4      | Reached XP level 7. HP: 21/61 MP: 6/6
  3719 | D:4      | Reached skill level 5 in Armour
  3950 | D:4      | Reached ** piety under Trog
  4079 | D:5      | Entered Level 5 of the Dungeon
  4079 | D:5      | Found an iron altar of Okawaru.
  4129 | D:5      | Found Naduydar's Book Shop.
  4164 | D:5      | Found Ruinkor's Antique Weapon Shoppe.
  4177 | D:5      | Bought a steaming war axe for 195 gold pieces
  4177 | D:5      | Identified the +9 war axe "Dailich" {vamp, rF+ rC++ Dex-3}
                  | (You bought it in a shop on level 5 of the Dungeon)
  4221 | D:5      | Found a runed translucent door.
  4222 | D:5      | Noticed NeAGen181's ghost (novice DDNe)
  4222 | D:5      | Noticed a hippogriff
  4352 | D:5      | Reached skill level 1 in Axes
  4421 | D:5      | Found Yjynut's Jewellery Emporium.
  4425 | D:5      | Reached skill level 1 in Evocations
  4457 | D:5      | Found Viumaowe's Armour Shop.
  4584 | D:5      | Reached XP level 8. HP: 71/71 MP: 7/7
  4815 | D:6      | Found an opulent altar of Gozag.
  4816 | D:6      | Found a glowing silver altar of Zin.
  4862 | D:6      | Found a staircase to the Ecumenical Temple.
  5569 | D:7      | Reached *** piety under Trog
  5569 | D:7      | Reached skill level 5 in Axes
  6185 | D:8      | Reached XP level 9. HP: 76/79 MP: 10/10
  6831 | D:8      | Noticed Pikel
  6844 | D:8      | Killed Pikel
  6961 | D:9      | Noticed a troll
  6967 | D:9      | Killed a troll
  7064 | D:9      | Found a shimmering altar of Xom.
  7120 | D:9      | Noticed Erolcha
  7128 | D:9      | Slain by Erolcha

Levels and vault maps discovered:
D:1:      eino_arrival_cavern_e, layout_loops_cross, minmay_bisected
D:2:      layout_basic
D:3:      layout_basic, lemuel_coloured_pillars_altar, minmay_misc_feat_room,
          serial_bayou_lagoon_a, minmay_cut_off
D:4:      layout_basic, kennysheep_mini, portal_sewer_entry_d
D:5:      layout_loops_ring, first_ration, serial_shops, shop, shop_statue,
          shop, shop, ebering_ghost_inner_flame, okawaru_trees_2
D:6:      layout_loops_corners, grunt_temple_overflow_gold_and_silver,
          minmay_temple_entry_glassed_door
D:7:      layout_basic
D:8:      layout_loops_corners, uniq_pikel
D:9:      layout_loops_ring, lemuel_doored_altar, hangedman_fish_farm,
          kb_xom_exploding_sheep, uniq_joseph, uniq_psyche, uniq_erolcha

Skill      XL: |  1  2  3  4  5  6  7  8  9 |
---------------+----------------------------+-----
Armour         | 1 2 3 4 5 7 8 |  8.1
Fighting       | 3 4 5 6 7 8 |  8.5
Long Blades    | 4 |  4.4
Dodging        | 4 |  4.9
Maces & Flails | 1 2 4 |  4.0
Axes           | 2 5 8 |  8.2
Evocations     | 1 3 4 |  4.3
Throwing       | |  2.0

Action                   |  1- 3 |  4- 6 |  7- 9 || total
-------------------------+-------+-------+-------++-------
Melee: Long sword        |    71 |    60 |       ||   131
       Headbutt          |    16 |    29 |    39 ||    84
       Mace              |       |   117 |    50 ||   167
       War axe           |       |       |   172 ||   172
Throw: Stone             |       |    36 |     3 ||    39
       Boomerang         |       |       |     3 ||     3
Invok: Berserk           |       |       |     2 ||     2
       Trog's Hand       |       |       |     1 ||     1
  Use: Scroll            |       |     7 |     2 ||     9
       Potion            |       |     1 |     1 ||     2
 Stab: Distracted        |       |       |     1 ||     1
  Eat: Chunk             |     2 |     7 |    13 ||    22
Armor: Leather armour    |    19 |    48 |    63 ||   130
Dodge: Dodged            |    52 |   101 |   159 ||   312
Block: Other             |       |       |    15 ||    15
       Reflection        |       |       |     3 ||     3
       Rpst.: Long sword |    16 |     8 |       ||    24
